[Event "SWE-ch 2018"]
[Site "Ronneby"]
[Date "2018.07.07"]
[Round "8"]
[White "Grandelius, Nils"]
[Black "Cramling, Pia"]
[Result "1/2-1/2"]
[ECO "C83"]
[WhiteElo "2668"]
[BlackElo "2452"]
[Annotator "ChessBase"]
[PlyCount "97"]
[EventDate "2018.06.30"]
[EventType "tourn"]
[EventCountry "SWE"]
[SourceTitle "playchess.com"]
[Source "ChessBase"]
[SourceQuality "1"]
[TimeControl "40/5400+30:1800+30"]

1. e4 e5 2. Nf3 Nc6 3. Bb5 a6 4. Ba4 Nf6 5. O-O Nxe4 6. d4 b5 7. Bb3 d5 8. dxe5 Be6 9. c3 Be7 10. Nbd2 O-O 11. Re1 Nxd2 12. Bxd2 Qd7 13. a4 Na5 14. Bc2 c5 15. Bg5 g6 16. Qc1 Rfe8 17. Qf4 Nc6 18. Bf6 Bf8 19. Ng5 h6 20. Nxe6 Qxe6 21. Bd1 g5 22. Qd2 Bg7 23. Bf3 Nxe5 24. Bxe5 Bxe5 25. Qxd5 Qxd5 26. Bxd5 Rab8 27. Re3 Bf4 28. Rxe8+ Rxe8 29. g3 Bd6 30. axb5 axb5 31. Ra6 Rd8 32. Ra7 Be7 33. Bc6 Kf8 34. Bxb5 Rb8 35. c4 Bf6 36. b3 Rb6 37. Kg2 Bd4 38. Ra2 Ke7 39. f4 gxf4 40. gxf4 Re6 41. Ra7+ Kf6 42. Bd7 Re2+ 43. Kf3 Re7 44. Ra6+ Kg7 45. Ba4 f5 46. Rd6 Re3+ 47. Kg2 Re2+ 48. Kg3 Re3+ 49. Kg2 1/2-1/2

[Event "SWE-ch 2018"]
[Site "Ronneby"]
[Date "2018.07.07"]
[Round "8"]
[White "Westerberg, Jonathan"]
[Black "Hillarp Persson, Tiger"]
[Result "0-1"]
[ECO "B06"]
[WhiteElo "2517"]
[BlackElo "2534"]
[Annotator "ChessBase"]
[PlyCount "116"]
[EventDate "2018.06.30"]
[EventType "tourn"]
[EventCountry "SWE"]
[SourceTitle "playchess.com"]
[Source "ChessBase"]
[SourceQuality "1"]
[TimeControl "40/5400+30:1800+30"]

1. d4 g6 2. e4 Bg7 3. Nf3 d6 4. Bd3 Nd7 5. O-O e5 6. dxe5 dxe5 7. Re1 Nh6 8. Bc4 f6 9. b3 Nb6 10. Qxd8+ Kxd8 11. Bf1 Be6 12. a4 a5 13. Be3 Nd7 14. Na3 Ke7 15. Bc4 Rhd8 16. Bxe6 Kxe6 17. Nb5 Rdc8 18. Red1 Nf7 19. Nd2 c6 20. Na3 Bf8 21. Ndc4 Rd8 22. f3 Bb4 23. Kf1 f5 24. Rxd7 Rxd7 25. Nb6 Rad8 26. Nxd7 Rxd7 27. exf5+ gxf5 28. Ke2 f4 29. Bc1 Nd6 30. Nb1 Nf5 31. c3 Bc5 32. Ra2 Bg1 33. h3 Ba7 34. Na3 Nh4 35. Nc4 Nxg2 36. Nxa5 Nh4 37. Rd2 Rg7 38. Rd8 Rg2+ 39. Kd3 Nxf3 40. Nxb7 Ng5 41. Re8+ Kf6 42. Rf8+ Kg7 43. Ra8 e4+ 44. Kc4 Be3 45. Ba3 Nf7 46. Bf8+ Kf6 47. Nd6 Nxd6+ 48. Bxd6 f3 49. Rf8+ Kg7 50. Rf5 Kg6 51. Rf8 Bh6 52. Rg8+ Kf5 53. Rxg2 fxg2 54. Bh2 Be3 55. a5 g1=Q 56. Bxg1 Bxg1 57. a6 Kf4 58. b4 Ba7 {[%emt 0:00:09] Kd4 Ke5+} 0-1

[Event "SWE-ch 2018"]
[Site "Ronneby"]
[Date "2018.07.07"]
[Round "8"]
[White "Tikkanen, Hans"]
[Black "Blomqvist, Erik"]
[Result "1-0"]
[ECO "D00"]
[WhiteElo "2495"]
[BlackElo "2505"]
[Annotator "ChessBase"]
[PlyCount "107"]
[EventDate "2018.06.30"]
[EventType "tourn"]
[EventCountry "SWE"]
[SourceTitle "playchess.com"]
[Source "ChessBase"]
[SourceQuality "1"]
[TimeControl "40/5400+30:1800+30"]

1. d4 d5 2. Bf4 Nf6 3. e3 c5 4. c3 Nc6 5. Nd2 Bg4 6. Ngf3 e6 7. Qb3 Qc8 8. Nh4 Bh5 9. h3 Qd7 10. g4 Bg6 11. dxc5 Bxc5 12. O-O-O O-O-O 13. Nxg6 hxg6 14. g5 Ne8 15. c4 Bd6 16. cxd5 exd5 17. Qxd5 Bxf4 18. Qxd7+ Rxd7 19. exf4 Rd4 20. Bg2 Rxf4 21. Ne4 f5 22. gxf6 gxf6 23. Rd2 Rh5 24. Rhd1 Re5 25. Nc3 Nc7 26. a3 a5 27. Kb1 Re7 28. Ka2 Kb8 29. Rd6 Ne8 30. R6d2 Nc7 31. Bh1 Ne5 32. Rd8+ Ka7 33. R1d2 Rh7 34. Bg2 g5 35. Rc8 Nc4 36. Rc2 Nd6 37. Rd8 Ndb5 38. Nxb5+ Nxb5 39. Rc5 Rxf2 40. Be4 Re7 41. Rxb5 Rxe4 42. Rd7 a4 43. Rdxb7+ Ka6 44. R5b6+ Ka5 45. Rb5+ Ka6 46. R5b6+ Ka5 47. Rd6 Rf1 48. Rb8 Rf3 49. Rd7 Ka6 50. Rd6+ Ka5 51. Rbb6 Rxh3 52. Rxf6 Rf3 53. Ra6+ Kb5 54. Rxa4 1-0

[Event "SWE-ch 2018"]
[Site "Ronneby"]
[Date "2018.07.07"]
[Round "8"]
[White "Smith, Axel"]
[Black "Von Bahr, Oskar"]
[Result "1/2-1/2"]
[ECO "A45"]
[WhiteElo "2491"]
[BlackElo "2434"]
[Annotator "ChessBase"]
[PlyCount "122"]
[EventDate "2018.06.30"]
[EventType "tourn"]
[EventCountry "SWE"]
[SourceTitle "playchess.com"]
[Source "ChessBase"]
[SourceQuality "1"]
[TimeControl "40/5400+30:1800+30"]

1. d4 Nf6 2. Bg5 Ne4 3. Bf4 d5 4. e3 c5 5. Bd3 cxd4 6. exd4 g6 7. Nd2 Bg7 8. Ngf3 Nxd2 9. Qxd2 Nc6 10. h3 O-O 11. c3 f6 12. Bh6 e5 13. dxe5 fxe5 14. Bxg7 Kxg7 15. Bb5 e4 16. Bxc6 bxc6 17. Qd4+ Kg8 18. Ne5 Qf6 19. O-O Ba6 20. Rfe1 Rad8 21. Qxa7 Bc8 22. Ng4 Bxg4 23. hxg4 Qf4 24. Qb6 Rb8 25. Qe3 Rxb2 26. Qxf4 Rxf4 27. Rf1 Rxg4 28. a4 Rf4 29. a5 Rf7 30. c4 Ra7 31. Rfd1 dxc4 32. Rd4 c3 33. Rxe4 c2 34. Ree1 Ra6 35. Rec1 Kf7 36. Kf1 Ke6 37. Ke2 Kd5 38. Kd2 Rb5 39. Rxc2 Rbxa5 40. Rh1 Ra2 41. Rxa2 Rxa2+ 42. Ke3 Ra3+ 43. Kf4 Ra4+ 44. Ke3 Re4+ 45. Kd3 h5 46. Ra1 c5 47. Ra8 Rd4+ 48. Kc3 Rg4 49. Rd8+ Ke6 50. g3 g5 51. Kd3 Ra4 52. Rc8 Rd4+ 53. Ke3 Kd5 54. Rh8 h4 55. Rh5 Re4+ 56. Kd3 hxg3 57. Rxg5+ Re5 58. Rxe5+ Kxe5 59. fxg3 Kf5 60. Kc4 Kg4 61. Kxc5 Kxg3 1/2-1/2

[Event "SWE-ch 2018"]
[Site "Ronneby"]
[Date "2018.07.08"]
[Round "9"]
[White "Hillarp Persson, Tiger"]
[Black "Grandelius, Nils"]
[Result "0-1"]
[ECO "A13"]
[WhiteElo "2534"]
[BlackElo "2668"]
[Annotator "ChessBase"]
[PlyCount "76"]
[EventDate "2018.06.30"]
[EventType "tourn"]
[EventCountry "SWE"]
[SourceTitle "playchess.com"]
[Source "ChessBase"]
[SourceQuality "1"]
[TimeControl "40/5400+30:1800+30"]

1. Nf3 d5 2. c4 e6 3. g3 dxc4 4. Qa4+ Bd7 5. Qxc4 c5 6. Bg2 Bc6 7. O-O Nf6 8. Nc3 Nbd7 9. a4 Be7 10. d3 O-O 11. Qb3 Rc8 12. a5 Nd5 13. Nd2 Nb8 14. Nxd5 exd5 15. e4 dxe4 16. dxe4 b5 17. axb6 axb6 18. Nc4 b5 19. Ne3 c4 20. Qc2 Nd7 21. Rd1 Ra8 22. Rxa8 Qxa8 23. Nf5 Re8 24. b3 Bf8 25. bxc4 b4 26. Bb2 Ba4 27. Qd2 Bxd1 28. Qxd1 Ne5 29. f4 Rd8 30. Qe2 Qa7+ 31. Kh1 Nd3 32. h4 Nxb2 33. Qxb2 g6 34. Qf6 Rd1+ 35. Kh2 gxf5 36. Qxf5 Qd7 37. Qg5+ Bg7 38. e5 h6 0-1

[Event "SWE-ch 2018"]
[Site "Ronneby"]
[Date "2018.07.08"]
[Round "9"]
[White "Blomqvist, Erik"]
[Black "Westerberg, Jonathan"]
[Result "1-0"]
[ECO "C42"]
[WhiteElo "2505"]
[BlackElo "2517"]
[Annotator "ChessBase"]
[PlyCount "89"]
[EventDate "2018.06.30"]
[EventType "tourn"]
[EventCountry "SWE"]
[SourceTitle "playchess.com"]
[Source "ChessBase"]
[SourceQuality "1"]
[TimeControl "40/5400+30:1800+30"]

1. e4 e5 2. Nf3 Nf6 3. Nxe5 d6 4. Nf3 Nxe4 5. d3 Nf6 6. d4 d5 7. Bd3 Bd6 8. Qe2+ Be6 9. Ng5 Qe7 10. Nxe6 fxe6 11. O-O Nc6 12. c3 e5 13. dxe5 Qxe5 14. Qxe5+ Nxe5 15. Bc2 O-O 16. Nd2 Rae8 17. h3 c6 18. a4 Nh5 19. g3 a5 20. Kg2 Nf6 21. Rb1 Re7 22. Re1 Rfe8 23. Nb3 Nc4 24. Rxe7 Rxe7 25. Nd4 Bc5 26. Bd3 Re1 27. Nf3 Re8 28. b3 Nd6 29. Bd2 Nfe4 30. Be1 Bb6 31. Nd4 Kf7 32. h4 Kg8 33. Bf1 Nf6 34. Rd1 Kf7 35. Bd3 g6 36. Nf3 Nfe4 37. Bc2 Kg7 38. c4 Nf5 39. cxd5 Nexg3 40. dxc6 bxc6 41. Rd7+ Kg8 42. Bd3 Ne4 43. Bc4+ Kh8 44. Ng5 Nxh4+ 45. Kf1 1-0

[Event "SWE-ch 2018"]
[Site "Ronneby"]
[Date "2018.07.08"]
[Round "9"]
[White "Hector, Jonny"]
[Black "Smith, Axel"]
[Result "1/2-1/2"]
[ECO "C21"]
[WhiteElo "2499"]
[BlackElo "2491"]
[Annotator "ChessBase"]
[PlyCount "109"]
[EventDate "2018.06.30"]
[EventType "tourn"]
[EventCountry "SWE"]
[SourceTitle "playchess.com"]
[Source "ChessBase"]
[SourceQuality "1"]
[TimeControl "40/5400+30:1800+30"]

1. e4 e5 2. d4 exd4 3. Nf3 Bb4+ 4. c3 dxc3 5. Nxc3 Bxc3+ 6. bxc3 Ne7 7. Bc4 O-O 8. e5 d5 9. exd6 Qxd6 10. Qxd6 cxd6 11. Ba3 Re8 12. O-O-O d5 13. Rhe1 Be6 14. Bb3 Nbc6 15. Ng5 Bf5 16. Bxe7 Nxe7 17. Ba4 Nc6 18. Rxe8+ Rxe8 19. Rxd5 g6 20. Kd2 Re7 21. Nf3 Be4 22. Bxc6 bxc6 23. Ra5 Kf8 24. Ne1 h5 25. f3 Bf5 26. Rc5 Rd7+ 27. Ke3 Re7+ 28. Kf2 Rc7 29. h3 Ke7 30. g4 hxg4 31. hxg4 Kd6 32. Ra5 Be6 33. Nd3 Re7 34. Nc5 Bd5 35. g5 Re5 36. f4 Re7 37. Nd3 Re4 38. Rxa7 Bc4 39. Ra8 Bxd3 40. Rd8+ Ke6 41. Rxd3 Rxf4+ 42. Kg3 Ra4 43. Rf3 Ra7 44. Rf4 Rxa2 45. Rf6+ Kd5 46. Rxf7 Rc2 47. Rf6 Rxc3+ 48. Kf4 Rc4+ 49. Kf3 Ke5 50. Rxg6 Kf5 51. Rg8 Rf4+ 52. Ke3 Rg4 53. Rc8 Rxg5 54. Rxc6 Rg6 55. Rc5+ {[%emt 0:00:00] Ke5 Ke4+} 1/2-1/2

[Event "SWE-ch 2018"]
[Site "Ronneby"]
[Date "2018.07.08"]
[Round "9"]
[White "Cramling, Pia"]
[Black "Seo, Jung Min"]
[Result "1-0"]
[ECO "D10"]
[WhiteElo "2452"]
[BlackElo "2347"]
[Annotator "RC"]
[PlyCount "53"]
[EventDate "2018.06.30"]
[EventType "tourn"]
[EventCountry "SWE"]
[SourceTitle "playchess.com"]
[Source "ChessBase"]
[SourceQuality "1"]
[TimeControl "40/5400+30:1800+30"]

1. d4 d5 2. c4 c6 3. cxd5 cxd5 4. Bf4 Nc6 5. Nc3 Nf6 6. e3 Bf5 7. Qb3 Na5 8. Qa4+ Bd7 9. Qc2 Rc8 10. Bd3 e6 11. Nf3 Be7 12. O-O O-O 13. Ne5 Nc4 14. Rfc1 Nd6 15. Qd1 Bc6 16. h3 Nd7 17. Nxc6 bxc6 18. Qc2 h6 19. Na4 Nb5 20. a3 a5 21. Qe2 Nd6 22. Ba6 Rc7 23. Rc2 Qa8 24. Rac1 Nb8 25. Bd3 Nd7 26. Rc3 Rfc8 27. Qf3 1-0

[Event "SWE-ch 2018"]
[Site "Ronneby"]
[Date "2018.07.08"]
[Round "9"]
[White "Von Bahr, Oskar"]
[Black "Tikkanen, Hans"]
[Result "0-1"]
[ECO "B18"]
[WhiteElo "2434"]
[BlackElo "2495"]
[Annotator "ChessBase"]
[PlyCount "67"]
[EventDate "2018.06.30"]
[EventType "tourn"]
[EventCountry "SWE"]
[SourceTitle "playchess.com"]
[Source "ChessBase"]
[SourceQuality "1"]
[TimeControl "40/5400+30:1800+30"]

1. e4 c6 2. d4 d5 3. Nc3 dxe4 4. Nxe4 Bf5 5. Nc5 b6 6. Nb3 e6 7. Nf3 Bd6 8. g3 h6 9. Bg2 Ne7 10. O-O Nd7 11. Re1 Rc8 12. Nbd2 O-O 13. Nc4 Bb8 14. b3 c5 15. a4 Nc6 16. Ba3 Qf6 17. Ne3 Bh7 18. Qe2 Rfd8 19. d5 Nd4 20. Nxd4 cxd4 21. Bb2 e5 22. Nc4 Nc5 23. Rad1 Qf5 24. Nxe5 Bxe5 25. Qxe5 Qxe5 26. Rxe5 Bxc2 27. Rxd4 Nd3 28. Re2 Nxb2 29. Rdd2 Bf5 30. Be4 Bh3 31. f4 Rc1+ 32. Kf2 Nd1+ 33. Kf3 Nc3 34. Rf2 0-1